 Dungeon Crawl Stone Soup version 0.24-a0-201-gf205589 (console) character file.

Game seed: 5556342866039129643

559 Duffy the Firebug (level 7, 0/55 HPs)
             Began as a Naga Fire Elementalist on Mar 23, 2019.
             Slain by an ice beast (5 damage)
             ... on level 5 of the Dungeon.
             The game lasted 00:03:45 (3546 turns).

Duffy the Firebug (Naga Fire Elementalist)          Turns: 3546, Time: 00:03:46

Health: 0/55       AC:  4    Str: 10    XL:     7   Next: 31%
Magic:  7/13       EV: 10    Int: 17    God:
Gold:   138        SH:  0    Dex: 16    Spells: 1/14 levels left

rFire    . . .     SeeInvis +   l - -3 hand axe (curse)
rCold    . . .     Gourm    .   (no shield)
rNeg     . . .     Faith    .   a - +0 robe
rPois    +         Spirit   .   (no helmet)
rElec    .         Reflect  .   (no cloak)
rCorr    .         Harm     .   t - +0 pair of gloves
MR       .....                  (no barding)
Stlth    +++.......             (no amulet)
HPRegen  0.18/turn              m - ring of stealth
MPRegen  0.13/turn              u - +4 ring of dexterity

@: very slow
A: large, see invisible, deformed body, poison resistance, slowness 2, slow
metabolism 1, spit poison 1, AC +2
a: Spit Poison


You were on level 5 of the Dungeon.
You were not hungry.

You visited 1 branch of the dungeon, and saw 5 of its levels.

You collected 138 gold pieces.

Inventory:

Hand Weapons
 e - a +3 falchion of holy wrath
 l - a cursed -3 hand axe (weapon)
Armour
 a - a +0 robe (worn)
 t - a +0 pair of gloves (worn)
Jewellery
 i - an uncursed ring of protection from cold
 m - a ring of stealth (left hand)
 u - a +4 ring of dexterity (right hand)
Wands
 j - a wand of disintegration (13)
 p - a wand of paralysis (12)
Scrolls
 b - 3 scrolls of teleportation
 n - a scroll of enchant armour
 q - a scroll of remove curse {unknown}
 s - a scroll of random uselessness {unknown}
Potions
 d - 2 potions of curing
 f - a potion of lignification {unknown}
 g - a potion of berserk rage
 h - a potion of might
 k - 2 potions of heal wounds
 o - 2 potions of resistance
 r - a potion of ambrosia {unknown}
Comestibles
 c - 6 rations
 v - 2 chunks of flesh


   Skills:
 - Level 1.5 Dodging
 - Level 3.0 Stealth
 + Level 4.1 Spellcasting
 + Level 4.9 Conjurations
 + Level 5.0 Fire Magic


You had one spell level left.
You knew the following spells:

 Your Spells              Type           Power        Failure   Level  Hunger
h - Flame Tongue          Conj/Fire      ###..        1%          1    None
j - Sticky Flame          Conj/Fire      ###.....     21%         4    ####...
k - Fireball              Conj/Fire      ###.......   50%         5    ######.
l - Conjure Flame         Conj/Fire      ###.....     6%          3    ###....

Your spell library contained the following spells:

 Spells                   Type           Power        Failure   Level  Hunger
 Throw Flame              Conj/Fire      ###...       3%          2    ##.....
 Inner Flame              Hex/Fire       ##......     17%         3    ###....


Dungeon Overview and Level Annotations

Branches:
Dungeon (5/15)
 Temple: D:4-7

Altars:
Yredelemnul


Innate Abilities, Weirdness & Mutations

You cannot wear boots.
Your serpentine skin is tough. (AC +2)
You have supernaturally acute eyesight. (SInv)
Armour fits poorly on your strangely shaped body.
Your system is resistant to poisons. (rPois)
You cover ground very slowly.
You have a slow metabolism.
You can spit poison.


Message History

Press: ? - help, Shift-Dir - straight line, f/p - ice beast
Aim: an ice beast The flame tongue hits the ice beast but does no damage.
The ice beast hits you but does no damage.
Cast which spell? (? or * to list)
Aiming: Flame Tongue (safe; 1% risk of failure)
Press: ? - help, Shift-Dir - straight line, f/p - ice beast
Aim: an ice beast The flame tongue hits the ice beast but does no damage.
The gnoll hits you from afar with a +0 spear.
The ice beast hits you. The ice beast freezes you!
Cast which spell? (? or * to list)
Aiming: Flame Tongue (safe; 1% risk of failure)
Press: ? - help, Shift-Dir - straight line, f/p - ice beast
Aim: an ice beast The flame tongue hits the ice beast!
The ice beast melts!
The ice beast is heavily wounded.
The gnoll hits you from afar with a +0 spear!
The ice beast hits you.
You die...

....# . ..# .# #.##.
#.# .# #.#.. #.# #.
#.#.# #.# .. #.#.###.#
Z# . #.......# .# ...
####..%....#####.#...##
+..........@Yggg.......
####...#########g#...##
##..# .g. ..# ##.#
..g.. # #.# ...g..# #+#
#.# ......# #.# #.#
....g.# #.# ###.#
...g..# ..## #...#


You could see an ice beast and 4 gnolls.

Vanquished Creatures
  2 phantoms (D:4)
  An ogre (D:4)
  A hound (D:2)
  An orc priest (D:4)
  An orc wizard (D:4)
  A centaur skeleton (D:4)
  2 iguanas
  A worker ant (D:2)
  A shadow imp (D:5)
  3 oozes
  A worm (D:2)
  A leopard gecko (D:1)
  17 orcs
  2 bats
  2 giant cockroaches
  2 gnoll zombies (D:4)
  4 hobgoblins
  8 jackals
  A quokka (D:2)
  4 frilled lizards
  4 goblins
  A jackal skeleton (D:5)
  9 kobolds
  6 rats
76 creatures vanquished.

Notes
Turn   | Place    | Note
-------+----------+-------------------------------------------
     0 | D:1      | Duffy the Naga Fire Elementalist began the quest for the
                  | Orb.
     0 | D:1      | Reached XP level 1. HP: 15/15 MP: 3/3
    95 | D:1      | Reached XP level 2. HP: 21/22 MP: 3/5
   529 | D:1      | Reached XP level 3. HP: 28/28 MP: 3/6
   550 | D:1      | Learned a level 3 spell: Conjure Flame
   931 | D:2      | Reached XP level 4. HP: 29/36 MP: 3/7
  1782 | D:3      | Reached XP level 5. HP: 38/42 MP: 4/8
  2008 | D:4      | Found a basalt altar of Yredelemnul.
  2128 | D:4      | Noticed a phantom
  2148 | D:4      | Killed a phantom
  2148 | D:4      | Reached skill level 4 in Fire Magic
  2148 | D:4      | Reached XP level 6. HP: 26/49 MP: 0/10
  2154 | D:4      | Learned a level 4 spell: Sticky Flame
  2447 | D:4      | Noticed a phantom
  2484 | D:4      | Killed a phantom
  2706 | D:4      | Reached XP level 7. HP: 55/55 MP: 5/12
  3007 | D:4      | Learned a level 5 spell: Fireball
  3441 | D:5      | Entered Level 5 of the Dungeon
  3481 | D:5      | Reached skill level 5 in Fire Magic
  3546 | D:5      | Slain by an ice beast

Levels and vault maps discovered:
D:1:      tarquinn_simple_flora_water_f, layout_loops_cross
D:2:      layout_rooms, dk_noncrumbling_4, kennysheep_generic_room_12
D:3:      kennysheep_big_flooded_room, layout_basic, old_standard_altar,
          fiery_altar_vehumet, xom_butterflies, uniq_crazy_yiuf_cottage,
          uniq_grinder, uniq_terence
D:4:      layout_loops_corners, lemuel_zombie_altar_yredelemnul,
          minmay_misc_feat_five
D:5:      layout_loops_corners, kennysheep_mini_moat,
          nicolae_overflow_crystal_walls, enter_ossuary_4, first_ration

Skill      XL: |  1  2  3  4  5  6  7 |
---------------+----------------------+-----
Conjurations   | 2 3 4 |  4.9
Spellcasting   | 3 4 |  4.1
Fire Magic     | 4 5 |  5.0
Dodging        | |  1.5
Stealth        | |  3.0

Action                   |  1- 3 |  4- 6 |  7- 9 || total
-------------------------+-------+-------+-------++-------
 Cast: Flame Tongue      |    24 |    85 |    47 ||   156
 Abil: Spit Poison       |    13 |     8 |     7 ||    28
  Use: Scroll            |       |     7 |       ||     7
  Eat: Chunk             |       |     6 |     2 ||     8
Armor: Robe              |     6 |     3 |     8 ||    17
Dodge: Dodged            |    11 |    13 |    18 ||    42

Table legend:
 A = Non-vault XP
 B = Vault XP
 C = Vault XP percentage of total XP
 D = Non-vault monster count
 E = Vault monster count
 F = Vault count percentage of total count
                 A         B        C        D         E       F
            +---------+---------+-------+---------+---------+-------
      Total |     793 |       6 |   0.8 |      72 |       4 |   5.3
            +---------+---------+-------+---------+---------+-------
        D:1 |      40 |       0 |   0.0 |      18 |       0 |   0.0
        D:2 |     110 |       1 |   0.9 |      17 |       1 |   5.6
        D:3 |      13 |       2 |  13.3 |       7 |       1 |  12.5
        D:4 |     580 |       3 |   0.5 |      26 |       2 |   7.1
        D:5 |      50 |       0 |   0.0 |       4 |       0 |   0.0
            +---------+---------+-------+---------+---------+-------
